 Dungeon Crawl Stone Soup version 0.29.1-1-gd02db6906a (webtiles) character file.

Game seed: 7465682833096287198

197 vvl the Chiller (level 5, -1/39 HPs)
             Began as a Demonspawn Ice Elementalist on Oct 17, 2022.
             Slain by an orc wizard
             ... wielding a +0 dagger
              (4 damage)
             ... on level 3 of the Dungeon.
             The game lasted 00:03:42 (3240 turns).

vvl the Chiller (Demonspawn Ice Elementalist)       Turns: 3240, Time: 00:03:43

Health: -1/39      AC:  3    Str:  8    XL:     5   Next: 46%
Magic:  9/9        EV: 12    Int: 19    God:
Gold:   166        SH:  0    Dex: 13    Spells: 8/9 levels left

rFire   . . .      SeeInvis .   g - +0 rapier
rCold   . . .      Faith    .   (no shield)
rNeg    . . .      Spirit   .   a - +0 robe
rPois   .          Reflect  .   (helmet restricted)
rElec   .          Harm     .   (no cloak)
rCorr   .          Rampage  .   (no gloves)
Will    .....                   (no boots)
Stlth   +.........              (no amulet)
HPRegen 0.13/turn               (no ring)
MPRegen 0.11/turn               (no ring)

@: confused
A: antennae 1, rugged brown scales 1, foul stench 1
a: no special abilities


You were on level 3 of the Dungeon.
You visited 1 branch of the dungeon, and saw 3 of its levels.

You collected 166 gold pieces.

Inventory:

Hand Weapons
 g - a +0 rapier (weapon)
Armour
 a - a +0 robe (worn)
 c - a +0 ring mail
Wands
 k - a wand of paralysis (12)
 m - a wand of flame (2)
Scrolls
 e - 3 scrolls of identify {unknown}
 f - a scroll of vulnerability {unknown}
 h - a scroll of amnesia {unknown}
 i - 2 scrolls of noise {unknown}
 l - a scroll of immolation {unknown}
Potions
 b - a potion of magic
 d - 2 potions of curing {unknown}
 j - 2 potions of haste {unknown}


   Skills:
 + Level 1.6 Fighting
 + Level 1.5 Armour
 - Level 2.0 Dodging
 - Level 2.0 Stealth
 + Level 2.7 Spellcasting
 + Level 1.2 Conjurations
 + Level 4.3 Ice Magic
 + Level 1.2 Air Magic
 + Level 1.1 Earth Magic


You had 8 spell levels left.
You knew the following spells:

 Your Spells              Type           Power      Damage    Failure   Level
a - Freeze                Ice            76%        1d9       2%          1

Your spell library contained the following spells:

 Spells                   Type           Power      Damage    Failure   Level
 Frozen Ramparts          Ice            38%        1d6       8%          3
 Ozocubu's Armour         Ice            19%        N/A       8%          3
 Sandblast                Erth           14%        2d6       10%         1
 Static Discharge         Conj/Air       7%         3-4/arc   14%         2
 Passwall                 Tmut/Erth      3%         N/A       19%         2
 Stone Arrow              Conj/Erth      14%        3d7       28%         3
 Dazzling Flash           Conj/Hex       8%         N/A       36%         3
 Hailstorm                Conj/Ice       13%        3d5       45%         4
 Lightning Bolt           Conj/Air       3%         1d15      95%         5
 Silence                  Hex/Air        2%         N/A       98%         5
 Agony                    Necr           2%         N/A       99%         5
 Maxwell's Capacitive Co  Air            3%         ∞         100%        8


Dungeon Overview and Level Annotations

Branches:
Dungeon (3/15)

Altars:


Innate Abilities, Weirdness & Mutations

You have a pair of small antennae on your head.
You are partially covered in rugged brown scales. (AC +1, +3% HP)
You may rarely emit foul miasma when damaged in melee.


Message History

You barely miss something.
You hear some strange, mumbled words.
You hit something but do no damage. Something hits you but does no damage.
You barely miss something. Something hits you.
You hit something.
Reactivating autopickup.
You feel a bit more experienced.
Deactivating autopickup; reactivate with Ctrl-A.
You are confused.
You're too confused to move!
You see here a +0 ring mail.
You bump into the rock wall.
You bump into the rock wall.
You feel less confused.
A puff of flame appears from out of thin air!
The puff of flame hits you.
You hear some strange, mumbled words.
You are confused.
You are more confused.
You're too confused to move!
Something tries to affect you, but you resist.
You bump into the rock wall.
An orc wizard appears from thin air!
Reactivating autopickup.
The orc wizard gestures wildly while chanting.
The orc wizard flickers and vanishes!
Deactivating autopickup; reactivate with Ctrl-A.
You bump into the rock wall.
You bump into the rock wall.
You hear some strange, mumbled words.
You are more confused.
You're too confused to move!
Something hits you.
You miss something. Something hits you but does no damage.
You bump into the rock wall.
You hear some strange, mumbled words.
A puff of flame appears from out of thin air!
The puff of flame hits you!
* * * LOW HITPOINT WARNING * * *
You're too confused to move!
Something hits you.
You die...

#.####.#
#.# #.#
.... ...
#.# #.#
##.# #.#
#.# #.#
... #.#
#.# #.#
#.# #.#
#o# #{#
#@# #.#
# #.# ##
####.#
..
#....#
###
#.####
.. #.##
#.# #
...# #.#
# #..#
#.#..#


You could see an orc.

Vanquished Creatures
  A scorpion (D:3)
  Ijyb (D:3)
  An orc wizard (D:3)
  3 adders
  A worm (D:2)
  3 dart slugs
  3 orcs
  4 ball pythons
  6 bats
  4 endoplasms
  A giant cockroach (D:2)
  8 goblins
  3 hobgoblins
  3 frilled lizards
  3 kobolds
  6 rats
51 creatures vanquished.

Notes
Turn   | Place    | Note
-------+----------+-------------------------------------------
     0 | D:1      | vvl the Demonspawn Ice Elementalist began the quest for the
                  | Orb.
     0 | D:1      | Reached XP level 1. HP: 13/13 MP: 3/3
   415 | D:1      | Gained mutation: You may rarely emit foul miasma when
                  | damaged in melee. [demonic ancestry]
   415 | D:1      | Reached XP level 2. HP: 19/19 MP: 0/5
  1540 | D:2      | Reached skill level 4 in Ice Magic
  1544 | D:2      | Reached XP level 3. HP: 19/25 MP: 1/6
  1901 | D:2      | Reached skill level 1 in Fighting
  2238 | D:2      | Found a faded altar of an unknown god.
  2324 | D:2      | Reached skill level 1 in Armour
  2476 | D:2      | Gained mutation: You are partially covered in rugged brown
                  | scales. (AC +1, +3% HP) [demonic ancestry]
  2476 | D:2      | Reached XP level 4. HP: 26/32 MP: 4/7
  2760 | D:3      | Noticed a scorpion
  2769 | D:3      | Killed a scorpion
  2770 | D:3      | Reached skill level 1 in Air Magic
  2858 | D:3      | Noticed a phantom
  2864 | D:3      | Gained mutation: You have a pair of small antennae on your
                  | head. [demonic ancestry]
  2864 | D:3      | Reached XP level 5. HP: 38/38 MP: 5/8
  2910 | D:3      | Noticed Ijyb
  2918 | D:3      | Killed Ijyb
  2919 | D:3      | Reached skill level 1 in Conjurations
  2919 | D:3      | Reached skill level 1 in Earth Magic
  3240 | D:3      | Slain by an orc wizard

Illustrated notes

Levels and vault maps discovered:
D:1:      dpeg_arrival_stone_temple_mockup, layout_basic
D:2:      layout_rooms, shapermc_ecumenical_altar_mp_vishouse
D:3:      layout_basic, serial_glass, glass_columns_a, glass_columns_c,
          uniq_ijyb

Skill      XL: |  1  2  3  4  5 |
---------------+----------------+-----
Dodging        | 2 |  2.0
Stealth        | 2 |  2.0
Ice Magic      | 4 |  4.3
Fighting       | 1 |  1.6
Armour         | 1 |  1.5
Air Magic      | 1 |  1.2
Conjurations   | 1 |  1.2
Earth Magic    | 1 |  1.1
Spellcasting   | |  2.7

Action                   |  1- 3 |  4- 6 || total
-------------------------+-------+-------++-------
Melee: Unarmed           |    35 |       ||    35
       Rapier            |    23 |    21 ||    44
 Cast: Freeze            |    48 |    21 ||    69
 Stab: Sleeping          |     2 |       ||     2
Armor: Robe              |    20 |    14 ||    34
Dodge: Dodged            |    69 |    23 ||    92
